 Dungeon Crawl Stone Soup version 0.27.0-1-g7a089689b8 (webtiles) character file.

Game seed: 15046060888876851181

246 horus123 the Conjurer (level 5, -4/28 HPs)
             Began as a Deep Elf Conjurer on Aug 6, 2021.
             Was an Initiate of Dithmenos.
             Slain by Grinder (8 damage)
             ... while paralysed by Grinder
             ... on level 4 of the Dungeon.
             The game lasted 00:09:34 (3191 turns).

horus123 the Conjurer (Deep Elf Conjurer)           Turns: 3191, Time: 00:09:35

Health: -4/28      AC:  4    Str:  4    XL:     5   Next: 84%
Magic:  7/14       EV:  2    Int: 24    God:    Dithmenos [......]
Gold:   119        SH:  0    Dex: 13    Spells: 2/14 levels left

rFire    . . .     SeeInvis .   (no weapon)
rCold    . . .     Faith    .   (no shield)
rNeg     . . .     Spirit   .   a - +0 robe
rPois    .         Reflect  .   (no helmet)
rElec    .         Harm     .   e - +1 cloak
rCorr    .         Rampage  .   (no gloves)
Will     .....                  (no boots)
Stlth    ++........             d - amulet of regeneration
HPRegen  1.09/turn              (no ring)
MPRegen  0.14/turn              (no ring)

@: paralysed
A: no striking features
a: Renounce Religion


You were on level 4 of the Dungeon.
You worshipped Dithmenos.
Dithmenos was noncommittal.
You visited 1 branch of the dungeon, and saw 4 of its levels.

You collected 119 gold pieces.

Inventory:

Armour
 a - a +0 robe (worn)
 e - a +1 cloak (worn)
Jewellery
 d - an amulet of regeneration (around neck)
Scrolls
 b - a scroll of fog {unknown}
 k - a scroll of immolation {unknown}
 l - a scroll of fear {unknown}
Potions
 c - a potion of degeneration {unknown}
 f - 3 potions of curing {unknown}
 g - 5 potions of flight
 h - a potion of brilliance
 i - a potion of haste {unknown}
 j - a potion of magic {unknown}


   Skills:
 + Level 4.0 Dodging
 + Level 3.1 Stealth
 + Level 5.1 Spellcasting
 + Level 5.9 Conjurations
 + Level 0.9 Hexes


You had 2 spell levels left.
You knew the following spells:

 Your Spells              Type           Power      Damage    Failure   Level
a - Magic Dart            Conj           100%       1d8       1%          1
b - Searing Ray           Conj           68%        3d5       1%          2
c - Dazzling Flash        Conj/Hex       44%        N/A       6%          3
d - Slow                  Hex            10%        N/A       9%          2
e - Fulminant Prism       Conj/Hex       11%        3d9       22%         4

Your spell library contained the following spells:

 Spells                   Type           Power      Damage    Failure   Level
 Confusing Touch          Hex            10%        N/A       19%         3
 Vampiric Draining        Necr           3%         2d6       26%         3
 Iskenderun's Mystic Bla  Conj/Tloc      20%        2d6       26%         4
 Borgnjor's Revivificati  Necr           3%         N/A       100%        8
 Necromutation            Tmut/Necr      3%         N/A       100%        8
 Death's Door             Necr           3%         N/A       100%        9


Dungeon Overview and Level Annotations

Branches:
Dungeon (4/15)
 Temple: D:4-7

Altars:
Dithmenos
Hepliaklqana

Shops:
D:3 [

Annotations:
D:4 Grinder


Message History

The worm is severely wounded.
The magic dart hits the worm!
You kill the worm!
Dithmenos accepts your kill.
You can't see any susceptible monsters within range! (Use Z to cast anyway.)
You see here a +0 spear.
Grinder comes into view.
An orc comes into view. It is wielding a +0 flail.
You see here 11 gold pieces.
You now have 119 gold pieces (gained 11).
An orc wizard comes into view. It is wielding a +0 dagger.
Casting: Magic Dart (safe; 1% risk of failure)
Confirm with . or Enter, or press ? or * to list all spells.
Aiming: Searing Ray (safe; 1% risk of failure)
Press: ? - help, Shift-Dir - straight line, f - Grinder
Aim: Grinder (78% to hit)
The searing ray hits Grinder!
Grinder is moderately wounded. (Press . to maintain the ray.)
The searing ray hits Grinder!
Grinder is severely wounded.
The searing ray hits the orc!
You kill the orc!
Dithmenos accepts your kill. Grinder gestures at you.
Pain shoots through your body!
The searing ray hits Grinder!
Grinder is almost dead.
Grinder gestures at you.
You suddenly lose the ability to move!
Grinder hits you.
You writhe in agony.
The orc wizard shouts!
You hear a shout!
An orc warrior comes into view. It is wielding a +0 trident.
Grinder hits you.
* * * LOW HITPOINT WARNING * * *
You writhe in agony.
* * * LOW HITPOINT WARNING * * *
The orc warrior shouts!
Grinder hits you!
You die...

............# .#
............########∩##
..#....................
. #....................
.......................
....[.......)..........
.......................
.[.....................
......<######..@5.)..oo
......# #....##..##.
...... ##..## ....
....# ## ......
##...... ##..... .....#


You could see Grinder, an orc warrior and an orc wizard.

Vanquished Creatures
  An ogre (D:4)
  An orc priest (D:3)
  An orc wizard (D:3)
  An adder (D:2)
  2 worms
  4 orcs
  5 endoplasms
  5 giant cockroaches
  10 goblins
  8 hobgoblins
  4 jackals (D:2)
  3 quokkas
  5 ball pythons
  4 bats
  10 frilled lizards
  10 kobolds
  7 rats
81 creatures vanquished.

Notes
Turn   | Place    | Note
-------+----------+-------------------------------------------
     0 | D:1      | horus123 the Deep Elf Conjurer began the quest for the Orb.
     0 | D:1      | Reached XP level 1. HP: 10/10 MP: 6/6
   284 | D:1      | Reached XP level 2. HP: 15/15 MP: 5/8
   425 | D:1      | Reached skill level 5 in Conjurations
   428 | D:1      | Learned a level 2 spell: Searing Ray
   839 | D:1      | Reached XP level 3. HP: 19/19 MP: 7/9
   843 | D:1      | Learned a level 3 spell: Dazzling Flash
  1452 | D:2      | Found a hazy altar of Hepliaklqana.
  1831 | D:2      | Reached XP level 4. HP: 24/24 MP: 2/11
  2334 | D:3      | Found a shadowy altar of Dithmenos.
  2363 | D:3      | Became a worshipper of Dithmenos the Shadowed
  2693 | D:3      | Found a faded altar of an unknown god.
  2768 | D:3      | Reached XP level 5. HP: 17/28 MP: 0/13
  2869 | D:3      | Learned a level 2 spell: Slow
  2874 | D:3      | Found Dim Pov's Armour Shop.
  3067 | D:4      | Noticed an ogre
  3075 | D:4      | Killed an ogre
  3076 | D:4      | Reached skill level 5 in Spellcasting
  3153 | D:4      | Learned a level 4 spell: Fulminant Prism
  3181 | D:4      | Noticed Grinder
  3188 | D:4      | Paralysed by Grinder for 7 turns
  3190 | D:4      | Noticed an orc warrior
  3191 | D:4      | Slain by Grinder

Illustrated notes

Levels and vault maps discovered:
D:1:      psy_arrival_conway, layout_basic, chequers_serial_rivers_small_3,
          hangedman_decor_clover_reticule, grunt_decor_arrowhead
D:2:      minmay_skewed_foursquare, layout_loops_ring, basic_altar
D:3:      layout_rooms, nicolae_dithmenos_through_a_glass_darkly,
          hellmonk_ecumenical_altar_arch_garden, serial_shops, shop
D:4:      layout_cave_pools, minmay_temple_entry_waves,
          chequers_ossuary_entry_cave, grunt_ministairs_14, uniq_pikel,
          uniq_grinder

Skill      XL: |  1  2  3  4  5 |
---------------+----------------+-----
Conjurations   | 5 |  5.9
Stealth        | 3 |  3.1
Dodging        | 3 4 |  4.0
Spellcasting   | 4 5 |  5.1
Hexes          | |  0.9

Action                   |  1- 3 |  4- 6 || total
-------------------------+-------+-------++-------
Melee: Unarmed           |     2 |       ||     2
 Cast: Magic Dart        |    79 |    58 ||   137
       Searing Ray       |     3 |     3 ||     6
       Dazzling Flash    |       |     2 ||     2
       Slow              |       |     3 ||     3
  Use: Scroll            |     5 |       ||     5
Armor: Robe              |    19 |     1 ||    20
Dodge: Dodged            |    56 |     3 ||    59
